 Dungeon Sprint DCSS version 0.25-a0-942-g87a53962fc (webtiles) character file.

Game seed: 15038770804372866461, levelgen mode: deterministic

253 Morrissey the Grappler (level 5, 0/40 HPs)
             Began as a Draconian Transmuter on May 7, 2020.
             Was a Follower of Makhleb.
             Slain by an unseen horror (8 damage)
             ... in the Dungeon (Sprint IX: "|||||||||||||||||||||||||||||").
             The game lasted 00:01:29 (184 turns).

Morrissey the Grappler (Draconian Transmuter)        Turns: 184, Time: 00:01:31

Health: 0/40       AC:  6    Str: 13    XL:     5   Next: 90%
Magic:  5/8        EV: 18    Int: 13    God:    Makhleb [*.....]
Gold:   0          SH:  0    Dex: 18    Spells: 4/8 levels left

rFire    . . .     SeeInvis .     - Unarmed
rCold    . . .     Gourm    .   (no shield)
rNeg     . . .     Faith    .   (armour unavailable)
rPois    .         Spirit   .   (helmet restricted)
rElec    .         Reflect  .   (no cloak)
rCorr    .         Harm     .   n - +0 pair of gloves
MR       .....     NoTele   +   (no boots)
Stlth    ++........             (no amulet)
HPRegen  0.13/turn              o - +3 ring of dexterity
MPRegen  0.11/turn              p - +3 ring of dexterity

@: very slightly contaminated
A: unfitting armour, cold-blooded, AC +5
a: Renounce Religion


You were in the Dungeon.
You worshipped Makhleb.
Makhleb was aware of your devotion.
You were not hungry.

You visited 1 branch

Inventory:

Missiles
 a - 12 arrows
Armour
 n - a +0 pair of gloves (worn)
Magical Staves
 b - an uncursed staff of energy
Jewellery
 o - a +3 ring of dexterity (left hand)
 p - a +3 ring of dexterity (right hand)
Wands
 l - a wand of acid (10)
Scrolls
 i - 2 scrolls of blinking
 j - 3 scrolls of remove curse
 k - 2 scrolls of amnesia
Potions
 d - 4 potions of curing
 f - a potion of haste
 g - 4 potions of magic
Comestibles
 c - a ration
 m - 8 chunks of flesh


   Skills:
 - Level 1.1 Fighting
 * Level 7.6 Dodging
 * Level 8.7 Unarmed Combat
 - Level 2.0 Spellcasting
 + Level 4.5 Transmutations


You had 4 spell levels left.
You knew the following spells:

 Your Spells              Type           Power        Failure   Level  Hunger
a - Beastly Appendage     Tmut           ##....       4%          1    ##.....
b - Spider Form           Tmut/Pois      #.........   30%         3    ####...

Your spell library contained the following spells:

 Spells                   Type           Power        Failure   Level  Hunger
 Sticks to Snakes         Tmut           ##......     6%          2    ###....
 Ice Form                 Ice/Tmut       #.......     69%         4    #####..
 Blade Hands              Tmut           ##........   73%         5    ######.


Dungeon Overview and Level Annotations

Branches:
Dungeon (1/1)

Altars:
Cheibriados
Dithmenos
Elyvilon
Fedhas
Gozag
Hepliaklqana
Kikubaaqudgha
Makhleb
Nemelex Xobeh
Okawaru
Qazlal
Ru
Sif Muna
Trog
Uskayaw
Vehumet
Wu Jian
Xom
Yredelemnul
Zin
The Shining One
Beogh
Jiyva
Lugonu


Innate Abilities, Weirdness & Mutations

Your plain brown scales are hard. (AC +5)
You cannot fit into any form of body armour.
You are cold-blooded and may be slowed by cold attacks.


Message History

The ball python zombie completely misses you.
The ball python zombie misses you.
You hit the ball python zombie.
The ball python zombie is severely damaged.
The ball python zombie misses you.
The ball python zombie completely misses you.
You bite the ball python zombie!
You destroy the ball python zombie!
Makhleb accepts your kill. Something misses you.
Deactivating autopickup; reactivate with Ctrl-A.
You bite something! Something hits you.
* * * LOW HITPOINT WARNING * * *
You hit something but do no damage.
Your transformation has ended.
Your +0 pair of gloves unmelds from your body.
Something hits you.
* * * LOW HITPOINT WARNING * * *
Something hits you!
You die... ▓▓▓▓▓▓▓▓▓▓▓▓▓▓▓▓▓▓▓▓▓▓▓▓ ______'...).[[.(@).....+ ▓▓▓▓▓▓▓▓▓▓▓▓▓▓▓▓▓▓▓▓▓▓▓▓

There were no monsters in sight!

Vanquished Creatures
  A centaur (D)
  A killer bee (D)
  A crimson imp (D)
  An iguana (D)
  2 worker ants (D)
  An adder (D)
  2 giant cockroaches (D)
  A kobold (D)
  A ball python zombie (D)
  A frilled lizard (D)
  A goblin (D)
  A leopard gecko zombie (D)
  A rat (D)
15 creatures vanquished.

Notes
Turn   | Place    | Note
-------+----------+-------------------------------------------
     0 | D        | Morrissey the Draconian Transmuter began the quest for the
                  | Orb.
     0 | D        | Reached XP level 1. HP: 16/16 MP: 3/3
    32 | D        | Noticed a worker ant
    32 | D        | Noticed an iguana
    40 | D        | Killed a worker ant
    40 | D        | Reached skill level 5 in Unarmed Combat
    40 | D        | Reached XP level 2. HP: 23/23 MP: 5/5
    40 | D        | Reached XP level 3. HP: 28/28 MP: 6/6
    45 | D        | Reached skill level 5 in Dodging
    45 | D        | Reached skill level 6 in Unarmed Combat
    74 | D        | Found a roughly hewn altar of Beogh.
    74 | D        | Found a snail-covered altar of Cheibriados.
    74 | D        | Found a shadowy altar of Dithmenos.
    74 | D        | Found a white marble altar of Elyvilon.
    74 | D        | Found a blossoming altar of Fedhas.
    74 | D        | Found an opulent altar of Gozag.
    75 | D        | Found a hazy altar of Hepliaklqana.
    76 | D        | Found a viscous altar of Jiyva.
    77 | D        | Found an ancient bone altar of Kikubaaqudgha.
    78 | D        | Found a corrupted altar of Lugonu.
    79 | D        | Found a burning altar of Makhleb.
    80 | D        | Found a sparkling altar of Nemelex Xobeh.
    81 | D        | Found an iron altar of Okawaru.
    82 | D        | Found a stormy altar of Qazlal.
    83 | D        | Found a sacrificial altar of Ru.
    84 | D        | Found a shimmering blue altar of Sif Muna.
    85 | D        | Found a bloodstained altar of Trog.
    86 | D        | Found a hide-covered altar of Uskayaw.
    87 | D        | Became a worshipper of Makhleb the Destroyer
    88 | D        | Found a radiant altar of Vehumet.
    89 | D        | Found an ornate altar of the Wu Jian Council.
    90 | D        | Found a shimmering altar of Xom.
    91 | D        | Found a basalt altar of Yredelemnul.
    92 | D        | Found a glowing silver altar of Zin.
    93 | D        | Found a glowing golden altar of the Shining One.
   139 | D        | Learned a level 3 spell: Spider Form
   142 | D        | Noticed a centaur
   142 | D        | Noticed a killer bee
   154 | D        | Killed a centaur
   154 | D        | Reached skill level 7 in Unarmed Combat
   154 | D        | Reached XP level 4. HP: 28/35 MP: 5/7
   154 | D        | Reached XP level 5. HP: 32/40 MP: 5/8
   166 | D        | Reached skill level 8 in Unarmed Combat
   170 | D        | Reached * piety under Makhleb
   184 | D        | Slain by an unseen horror

Levels and vault maps discovered:
D:        linesprint [early_d, line_temple, items_1, d_10, items_2, lair_1,
          lair_end, items_3, orc_1, orc_end, items_4, d_15, swamp_1, shoals_1,
          snake_1, spider_1, d_20, vaults_1, items_5, swamp_end, shoals_end,
          snake_end, spider_end, vaults_end, d_27, items_6, zot_1, zot_end,
          crypt_end, forest_end, elf_end, slime_end, tomb_end, abyss_end,
          pan_hell_end]

Skill      XL: |  1  2  3  4  5 |
---------------+----------------+-----
Dodging        | 4 6 7 |  7.6
Unarmed Combat | 5 7 8 |  8.7
Transmutations | 3 4 |  4.5
Fighting       | |  1.1
Spellcasting   | |  2.0

Action                   |  1- 3 |  4- 6 || total
-------------------------+-------+-------++-------
Melee: Unarmed           |    41 |    27 ||    68
       Tailslap          |     3 |     2 ||     5
       Headbutt          |     2 |       ||     2
       Punch             |       |     2 ||     2
 Cast: Beastly Appendage |     1 |       ||     1
       Spider Form       |       |     1 ||     1
  Use: Potion            |     4 |     2 ||     6
 Stab: Invisible         |     1 |     3 ||     4
Armor: Skin              |     6 |     2 ||     8
Dodge: Dodged            |    29 |    24 ||    53

Table legend:
 A = Non-vault XP
 B = Vault XP
 C = Vault XP percentage of total XP
 D = Non-vault monster count
 E = Vault monster count
 F = Vault count percentage of total count
                 A         B        C        D         E       F
            +---------+---------+-------+---------+---------+-------
      Total |       0 |     362 | 100.0 |       0 |      15 | 100.0
            +---------+---------+-------+---------+---------+-------
          D |       0 |     362 | 100.0 |       0 |      15 | 100.0
            +---------+---------+-------+---------+---------+-------
